[ AOE2 MATCH · #505581376 ]
UnrankedMongols vs Mongols
Player's team · LOSS
Rival team · WIN
[ REPLAY ANALYSIS · EXTRACTED FROM THE RECORDED GAME ]
Feudal
8:29
Castle
24:31
Imperial
—
| APM avg | 61.8 |
| APM peak | 107 |
| eAPM avg | 37.1 |
| Villagers / military | 104 / 88 |
Focus
⚔️ 44.4% · 🌾 55.6%
Knight ×33 · Steppe Lancer ×15 · Scorpion ×13 · Skirmisher ×10 · Archer ×7 · Militia ×4
Feudal
6:46
Castle
22:44
Imperial
45:10
| APM avg | 62.2 |
| APM peak | 116 |
| eAPM avg | 28.3 |
| Villagers / military | 210 / 133 |
Focus
⚔️ 33.5% · 🌾 66.5%
Cavalry Archer ×59 · Steppe Lancer ×47 · Scout Cavalry ×8 · Mangudai ×7 · Skirmisher ×5 · Archer ×3
Match map
Initial resources + every placement click. Lines = walls · curves = elevation contours. ◆ gold · ⬟ stone · ● berries · ✦ relic · ◌ wall gap
Your base· ✓ Closed at 24:31 · 15t walls · 1 gate(s)
Hoanginator's base· Open — 4t gap
Smoothed initial terrain · ◌ = detected wall gap · hover for details
Inputs per minute
— FYI Inc - - Hoanginator
Build order — FYI Inc
First 150 of 323 actions detected
| 0:00 | Create | Villager (Male) |
| 0:01 | Create | Villager (Male) |
| 0:03 | Build | House |
| 0:05 | Build | House |
| 0:08 | Build | House |
| 0:08 | Create | Villager (Male) |
| 0:15 | Create | Villager (Male) |
| 1:27 | Create | Villager (Male) |
| 1:55 | Create | Villager (Male) |
| 1:57 | Build | Lumber Camp |
| 2:25 | Create | Villager (Male) |
| 2:42 | Create | Villager (Male) |
| 3:04 | Create | Villager (Male) |
| 3:38 | Create | Villager (Male) |
| 3:38 | Create | Villager (Male) |
| 3:42 | Build | House |
| 3:51 | Create | Villager (Male) |
| 4:46 | Build | Barracks |
| 4:57 | Create | Villager (Male) |
| 5:18 | Build | House |
| 5:23 | Create | Villager (Male) |
| 5:47 | Research | Loom |
| 6:09 | Research | Feudal Age |
| 6:33 | Build | Mining Camp |
| 6:34 | Create | Militia |
| 6:35 | Create | Militia |
| 6:35 | Create | Militia |
| 6:55 | Build | Palisade Wall |
| 7:29 | Create | Militia |
| 8:08 | Build | House |
| 8:29 | Age | Feudal Age |
| 8:32 | Build | Archery Range |
| 8:33 | Create | Villager (Male) |
| 8:41 | Research | Double-Bit Axe |
| 8:42 | Research | Man-at-Arms (upgrade) |
| 8:53 | Build | House |
| 8:58 | Build | Palisade Wall |
| 9:03 | Create | Villager (Male) |
| 9:13 | Create | Skirmisher |
| 9:34 | Create | Villager (Male) |
| 9:36 | Create | Skirmisher |
| 9:45 | Build | Blacksmith |
| 10:08 | Create | Skirmisher |
| 10:31 | Build | Mill |
| 10:31 | Create | Villager (Male) |
| 10:43 | Create | Skirmisher |
| 10:55 | Build | Farm |
| 11:09 | Create | Villager (Male) |
| 11:14 | Create | Skirmisher |
| 11:30 | Build | Watch Tower |
| 11:33 | Create | Skirmisher |
| 11:45 | Build | Palisade Wall |
| 11:47 | Build | Palisade Wall |
| 11:48 | Build | Palisade Wall |
| 12:01 | Create | Villager (Male) |
| 12:03 | Create | Skirmisher |
| 12:03 | Create | Skirmisher |
| 12:24 | Create | Villager (Male) |
| 12:32 | Create | Skirmisher |
| 12:51 | Build | Farm |
| 12:55 | Create | Villager (Male) |
| 13:03 | Create | Skirmisher |
| 13:07 | Build | House |
| 13:17 | Create | Villager (Male) |
| 13:29 | Create | Archer |
| 13:34 | Build | Farm |
| 13:36 | Build | House |
| 13:38 | Create | Villager (Male) |
| 13:52 | Build | Farm |
| 14:01 | Create | Villager (Male) |
| 14:16 | Build | Farm |
| 14:19 | Research | Fletching |
| 14:19 | Research | Fletching |
| 14:29 | Build | House |
| 14:39 | Create | Villager (Male) |
| 14:41 | Create | Archer |
| 14:50 | Create | Villager (Male) |
| 14:56 | Build | Farm |
| 15:08 | Create | Spearman |
| 15:10 | Create | Archer |
| 15:10 | Create | Archer |
| 15:18 | Create | Villager (Male) |
| 15:25 | Build | Farm |
| 15:37 | Research | Town Watch |
| 15:37 | Research | Town Watch |
| 15:50 | Create | Archer |
| 16:24 | Create | Villager (Male) |
| 16:39 | Create | Archer |
| 16:41 | Create | Villager (Male) |
| 16:51 | Create | Archer |
| 16:52 | Create | Villager (Male) |
| 17:09 | Build | Stable |
| 17:27 | Create | Villager (Male) |
| 17:32 | Build | House |
| 18:02 | Create | Scout Cavalry |
| 18:02 | Create | Scout Cavalry |
| 18:03 | Create | Villager (Male) |
| 18:11 | Build | Farm |
| 18:12 | Build | Farm |
| 18:14 | Create | Villager (Male) |
| 18:47 | Create | Villager (Male) |
| 18:59 | Build | Market |
| 19:00 | Create | Villager (Male) |
| 19:41 | Build | Mining Camp |
| 19:42 | Create | Villager (Male) |
| 19:47 | Build | House |
| 19:58 | Create | Villager (Male) |
| 20:10 | Build | Watch Tower |
| 20:18 | Build | Palisade Wall |
| 20:19 | Build | Palisade Wall |
| 20:21 | Build | Palisade Wall |
| 20:22 | Build | Palisade Wall |
| 20:34 | Create | Villager (Male) |
| 20:36 | Build | Mining Camp |
| 21:00 | Create | Villager (Male) |
| 21:29 | Build | Farm |
| 21:51 | Research | Castle Age |
| 22:32 | Research | Forging |
| 22:47 | Build | Stable |
| 23:04 | Research | Bloodlines |
| 23:05 | Research | Bloodlines |
| 23:11 | Build | Palisade Wall |
| 23:12 | Build | Palisade Wall |
| 23:12 | Build | Palisade Wall |
| 23:13 | Build | Palisade Wall |
| 23:14 | Build | Palisade Wall |
| 23:16 | Build | Palisade Wall |
| 23:22 | Build | House |
| 23:35 | Build | Lumber Camp |
| 23:38 | Build | House |
| 24:01 | Build | Palisade Gate |
| 24:23 | Build | Mining Camp |
| 24:30 | Build | Palisade Wall |
| 24:31 | Age | Castle Age |
| 24:33 | Create | Steppe Lancer |
| 24:33 | Create | Steppe Lancer |
| 24:39 | Build | Monastery |
| 24:40 | Create | Steppe Lancer |
| 24:41 | Create | Villager (Male) |
| 24:45 | Build | Palisade Wall |
| 24:47 | Build | Palisade Wall |
| 24:49 | Build | Palisade Wall |
| 24:59 | Create | Steppe Lancer |
| 24:59 | Create | Steppe Lancer |
| 25:09 | Create | Steppe Lancer |
| 25:36 | Create | Steppe Lancer |
| 25:43 | Create | Steppe Lancer |
| 25:43 | Create | Steppe Lancer |
| 26:00 | Create | Steppe Lancer |
| 26:08 | Create | Steppe Lancer |
Build order — Hoanginator
First 150 of 454 actions detected
| 0:01 | Create | Villager (Male) |
| 0:01 | Create | Villager (Male) |
| 0:02 | Build | House |
| 0:02 | Build | House |
| 0:09 | Create | Villager (Male) |
| 0:09 | Create | Villager (Male) |
| 0:09 | Create | Villager (Male) |
| 0:09 | Create | Villager (Male) |
| 1:29 | Create | Villager (Male) |
| 1:29 | Create | Villager (Male) |
| 1:29 | Create | Villager (Male) |
| 1:29 | Create | Villager (Male) |
| 1:48 | Build | Lumber Camp |
| 2:18 | Create | Villager (Male) |
| 2:18 | Create | Villager (Male) |
| 2:18 | Create | Villager (Male) |
| 2:32 | Create | Villager (Male) |
| 2:32 | Create | Villager (Male) |
| 3:03 | Create | Villager (Male) |
| 3:03 | Create | Villager (Male) |
| 3:03 | Create | Villager (Male) |
| 3:22 | Create | Villager (Male) |
| 3:22 | Create | Villager (Male) |
| 3:23 | Create | Villager (Male) |
| 3:27 | Create | Villager (Male) |
| 3:27 | Create | Villager (Male) |
| 3:27 | Create | Villager (Male) |
| 3:50 | Build | Mining Camp |
| 4:01 | Build | Palisade Wall |
| 4:01 | Build | Palisade Wall |
| 4:04 | Create | Villager (Male) |
| 4:04 | Create | Villager (Male) |
| 4:05 | Create | Villager (Male) |
| 4:36 | Research | Feudal Age |
| 4:36 | Research | Feudal Age |
| 4:37 | Research | Feudal Age |
| 5:18 | Build | House |
| 6:09 | Build | Barracks |
| 6:30 | Create | Villager (Male) |
| 6:30 | Create | Villager (Male) |
| 6:46 | Age | Feudal Age |
| 6:52 | Create | Villager (Male) |
| 7:08 | Build | Archery Range |
| 7:10 | Build | Palisade Wall |
| 7:11 | Build | Palisade Wall |
| 7:13 | Build | Palisade Wall |
| 7:26 | Create | Villager (Male) |
| 7:41 | Build | House |
| 7:48 | Create | Villager (Male) |
| 8:11 | Create | Archer |
| 8:11 | Create | Archer |
| 8:15 | Create | Villager (Male) |
| 8:30 | Create | Villager (Male) |
| 8:33 | Create | Villager (Male) |
| 8:36 | Build | Blacksmith |
| 8:49 | Create | Archer |
| 9:07 | Build | House |
| 9:31 | Research | Fletching |
| 9:33 | Build | Stable |
| 9:35 | Create | Villager (Male) |
| 9:47 | Create | Skirmisher |
| 10:07 | Create | Villager (Male) |
| 10:32 | Create | Scout Cavalry |
| 10:32 | Create | Scout Cavalry |
| 10:37 | Create | Scout Cavalry |
| 10:37 | Create | Scout Cavalry |
| 10:38 | Create | Scout Cavalry |
| 10:42 | Create | Villager (Male) |
| 10:42 | Create | Villager (Male) |
| 10:45 | Build | House |
| 11:18 | Build | House |
| 11:19 | Create | Villager (Male) |
| 11:20 | Create | Skirmisher |
| 11:21 | Create | Skirmisher |
| 11:41 | Create | Skirmisher |
| 11:56 | Create | Villager (Male) |
| 11:59 | Create | Scout Cavalry |
| 11:59 | Create | Scout Cavalry |
| 11:59 | Create | Scout Cavalry |
| 12:29 | Create | Villager (Male) |
| 12:29 | Create | Villager (Male) |
| 12:34 | Create | Villager (Male) |
| 12:34 | Create | Villager (Male) |
| 12:45 | Create | Villager (Male) |
| 12:47 | Build | House |
| 13:15 | Build | Mill |
| 13:17 | Create | Villager (Male) |
| 13:21 | Research | Double-Bit Axe |
| 13:24 | Create | Villager (Male) |
| 13:34 | Create | Villager (Male) |
| 13:35 | Build | Farm |
| 13:36 | Build | Farm |
| 13:36 | Build | Farm |
| 13:36 | Build | Farm |
| 13:37 | Build | Farm |
| 13:43 | Build | Farm |
| 13:44 | Build | Farm |
| 13:49 | Build | Farm |
| 13:51 | Create | Villager (Male) |
| 13:52 | Create | Villager (Male) |
| 13:52 | Create | Villager (Male) |
| 13:53 | Build | Farm |
| 13:55 | Build | House |
| 14:03 | Build | Farm |
| 14:16 | Create | Villager (Male) |
| 14:16 | Create | Villager (Male) |
| 14:41 | Create | Villager (Male) |
| 14:41 | Create | Villager (Male) |
| 14:43 | Build | Farm |
| 14:49 | Research | Horse Collar |
| 14:49 | Research | Horse Collar |
| 14:59 | Build | Mill |
| 15:05 | Create | Villager (Male) |
| 15:05 | Create | Villager (Male) |
| 15:16 | Create | Villager (Male) |
| 15:16 | Create | Villager (Male) |
| 15:16 | Create | Villager (Male) |
| 15:24 | Build | House |
| 15:36 | Research | Loom |
| 15:48 | Create | Skirmisher |
| 15:53 | Create | Villager (Male) |
| 16:03 | Research | Double-Bit Axe |
| 16:04 | Research | Double-Bit Axe |
| 16:08 | Build | House |
| 16:14 | Create | Villager (Male) |
| 16:34 | Create | Villager (Male) |
| 16:43 | Create | Villager (Male) |
| 16:45 | Build | Farm |
| 17:02 | Build | Barracks |
| 17:04 | Build | Watch Tower |
| 17:08 | Create | Villager (Male) |
| 17:26 | Create | Villager (Male) |
| 17:28 | Build | Farm |
| 18:10 | Create | Villager (Male) |
| 18:20 | Create | Villager (Male) |
| 18:20 | Create | Villager (Male) |
| 18:24 | Build | Market |
| 18:31 | Build | Farm |
| 18:57 | Create | Villager (Male) |
| 18:59 | Build | Farm |
| 19:13 | Build | Farm |
| 19:33 | Create | Villager (Male) |
| 20:04 | Research | Castle Age |
| 20:04 | Research | Castle Age |
| 20:05 | Research | Castle Age |
| 20:33 | Research | Gold Mining |
| 20:34 | Research | Gold Mining |
| 20:47 | Build | Watch Tower |
| 21:50 | Create | Villager (Male) |
| 21:58 | Build | Stable |
Match timeline
| 4:01 | Hoanginator · wall_segment Palisade Wall x1 |
| 4:01 | Hoanginator · wall_segment Palisade Wall x1 |
| 4:46 | FYI Inc · first_building Barracks |
| 6:09 | Hoanginator · first_building Barracks |
| 6:46 | Hoanginator · age_up feudal |
| 6:55 | FYI Inc · wall_segment Palisade Wall x1 |
| 7:08 | Hoanginator · first_building Archery Range |
| 7:10 | Hoanginator · wall_segment Palisade Wall x1 |
| 7:11 | Hoanginator · wall_segment Palisade Wall x1 |
| 7:13 | Hoanginator · wall_segment Palisade Wall x1 |
| 8:29 | FYI Inc · age_up feudal |
| 8:32 | FYI Inc · first_building Archery Range |
| 8:58 | FYI Inc · wall_segment Palisade Wall x1 |
| 9:33 | Hoanginator · first_building Stable |
| 11:45 | FYI Inc · wall_segment Palisade Wall x1 |
| 11:47 | FYI Inc · wall_segment Palisade Wall x1 |
| 11:48 | FYI Inc · wall_segment Palisade Wall x1 |
| 17:09 | FYI Inc · first_building Stable |
| 19:51 | Hoanginator · first_market_sell 100 wood |
| 19:54 | Hoanginator · first_market_buy 100 food |
| 19:57 | FYI Inc · first_market_buy 100 stone |
| 20:18 | FYI Inc · wall_segment Palisade Wall x1 |
| 20:19 | FYI Inc · wall_segment Palisade Wall x1 |
| 20:21 | FYI Inc · wall_segment Palisade Wall x1 |
| 20:22 | FYI Inc · wall_segment Palisade Wall x1 |
| 21:32 | FYI Inc · first_market_sell 100 wood |
| 22:44 | Hoanginator · age_up castle |
| 23:11 | FYI Inc · wall_segment Palisade Wall x1 |
| 23:12 | FYI Inc · wall_segment Palisade Wall x1 |
| 23:12 | FYI Inc · wall_segment Palisade Wall x1 |
| 23:13 | FYI Inc · wall_segment Palisade Wall x1 |
| 23:14 | FYI Inc · wall_segment Palisade Wall x1 |
| 23:16 | FYI Inc · wall_segment Palisade Wall x1 |
| 24:30 | FYI Inc · wall_segment Palisade Wall x1 |
| 24:31 | FYI Inc · age_up castle |
| 24:39 | FYI Inc · first_building Monastery |
| 24:45 | FYI Inc · wall_segment Palisade Wall x1 |
| 24:47 | FYI Inc · wall_segment Palisade Wall x1 |
| 24:49 | FYI Inc · wall_segment Palisade Wall x1 |
| 27:00 | Hoanginator · first_building Siege Workshop |
| 28:04 | Hoanginator · wall_segment Palisade Wall x1 |
| 28:05 | Hoanginator · wall_segment Palisade Wall x1 |
| 28:07 | Hoanginator · wall_segment Palisade Wall x1 |
| 28:08 | Hoanginator · wall_segment Palisade Wall x1 |
| 28:10 | Hoanginator · wall_segment Palisade Wall x1 |
| 28:15 | Hoanginator · wall_segment Palisade Wall x1 |
| 28:21 | FYI Inc · first_building Siege Workshop |
| 28:24 | FYI Inc · wall_segment Palisade Wall x1 |
| 32:37 | FYI Inc · wall_segment Palisade Wall x1 |
| 36:08 | Hoanginator · first_building Monastery |
| 42:36 | Hoanginator · first_building Castle |
| 45:10 | Hoanginator · age_up imperial |
| 45:26 | FYI Inc · resign |
[ AI ANALYSIS · 1 CREDIT ]
What really happened in this match?
Wolo.gg analyzes every decision: build order, eco, micro, common mistakes by bracket. Personalized analysis on WhatsApp or Discord in 30 seconds.
Civ guide
Mongols
Perfil
Jugador #221997